 Dungeon Crawl Stone Soup version 0.30-a0-772-g5528072125 (webtiles) character file.

Game seed: 10304853762970848060

49238 Crownlay the Thaumaturge (level 14, -1/78 (79) HPs)
             Began as a Gargoyle Earth Elementalist on Feb 12, 2023.
             Was a High Priest of Vehumet.
             Killed from afar by a fire crab (6 damage)
             ... with a blast of flame
             ... on level 4 of the Lair of Beasts.
             The game lasted 00:53:05 (23441 turns).

Crownlay the Thaumaturge (GrEE)                    Turns: 23441, Time: 00:53:05

HP:   -1/78 (79)    AC: 23    Str: 13    XL:     14   Next: 49%
MP:   14/32         EV:  9    Int: 20    God:    Vehumet [*****.]
Gold: 1188          SH:  8    Dex: 10    Spells: 32/41 levels left

rFire   . . .      SeeInvis .    E - +3 trident (protect)
rCold   + + +      Faith    .    Q - +0 kite shield {rC+}
rNeg    + . .      Spirit   .    t - +2 leather armour {rC+}
rPois   ∞          Reflect  .    A - +1 helmet
rElec   +          Harm     .    l - +2 cloak
rCorr   .          Rampage  .    q - +0 pair of gloves
Will    ++...                    I - +1 pair of boots
Stlth   ++                       (no amulet)
HPRegen 0.33/turn                h - ring of protection from cold
MPRegen 0.23/turn                o - ring of willpower

@: flying, very slightly contaminated, lightly drained
A: sickness immunity, AC +10, big wings, negative energy resistance 1,
electricity resistance, torment resistance 1, petrification resistance
a: Renounce Religion


You were on level 4 of the Lair of Beasts.
You worshipped Vehumet.
Vehumet was extremely pleased with you.
You visited 3 branches of the dungeon, and saw 19 of its levels.
You also visited: Ossuary, Bailey and Ice Cave.

You collected 1242 gold pieces.
You spent 54 gold pieces at shops.

Inventory:

Hand Weapons
 E - a +3 trident of protection (weapon)
Armour
 l - a +2 cloak (worn)
 q - a +0 pair of gloves (worn)
 t - a +2 leather armour of cold resistance (worn)
 A - a +1 helmet (worn)
 I - a +1 pair of boots (worn)
 Q - a +0 kite shield of cold resistance (worn)
Jewellery
 h - a ring of protection from cold (left hand)
 o - a ring of willpower (right hand)
 F - a ring of fire
 L - a ring of protection from cold
Wands
 c - a wand of paralysis (23)
 y - a wand of flame (7)
 K - a wand of iceblast (16)
 M - a wand of polymorph (3)
Scrolls
 d - 3 scrolls of vulnerability
 e - 9 scrolls of teleportation
 f - 5 scrolls of enchant armour
 k - 2 scrolls of blinking
 n - 3 scrolls of amnesia
 r - 2 scrolls of fear
 v - 2 scrolls of brand weapon
 w - 6 scrolls of poison
 x - 2 scrolls of immolation
 C - a scroll of silence
 G - a scroll of magic mapping
 J - 5 scrolls of identify
Potions
 a - 2 potions of invisibility
 b - 6 potions of magic
 g - 8 potions of flight
 i - 6 potions of brilliance
 j - 4 potions of haste
 m - 3 potions of ambrosia
 p - 5 potions of lignification
 s - 8 potions of curing
 u - 3 potions of mutation
 z - 3 potions of attraction
 B - 3 potions of might
 D - 2 potions of heal wounds
 H - 2 potions of resistance
 N - a potion of cancellation
Miscellaneous
 P - a lightning rod (4/4)


   Skills:
 * Level 5.7 Fighting
 - Level 1.5 Dodging
 - Level 2.1 Stealth
 + Level 4.0 Shields
 * Level 14.2 Spellcasting
 * Level 11.5 Conjurations
 + Level 5.7 Summonings
 + Level 5.2 Necromancy
 - Level 0.7 Transmutations
 + Level 7.8 Fire Magic
 + Level 12.4 Earth Magic


You had 32 spell levels left.
You knew the following spells:

 Your Spells              Type           Power      Damage    Failure   Level
a - Sandblast             Erth           100%       2d20      1%          1
b - Stone Arrow           Conj/Erth      100%       3d13      1%          3
c - Borgnjor's Vile Clut  Necr/Erth      24%        N/A       12%         5

Your spell library contained the following spells:

 Spells                   Type           Power      Damage    Failure   Level
 Olgreb's Toxic Radiance  Pois           14%        N/A       38%         4
 Shock                    Conj/Air       100%       1d9       1%          1
 Momentum Strike          Conj/Tloc      74%        3d10      1%          2
 Passwall                 Tmut/Erth      33%        N/A       1%          2
 Iskenderun's Battlesphe  Conj           57%        2d11      1%          5
 Fireball                 Conj/Fire      26%        3d12      2%          5
 Animate Armour           Summ/Erth      100%       N/A       4%          4
 Petrify                  Tmut/Erth      40%        N/A       12%         4
 Wereblood                Tmut           17%        N/A       19%         2
 Animate Dead             Necr           35%        N/A       19%         4
 Blink                    Tloc           28%        N/A       26%         2
 Lesser Beckoning         Tloc           28%        N/A       26%         2
 Orb of Destruction       Conj           28%        9d9       30%         7
 Airstrike                Air            7%         2d(1-17)  38%         4
 Swiftness                Air            14%        N/A       45%         3
 Conjure Ball Lightning   Conj/Air       18%        3x3d6     50%         6
 Manifold Assault         Tloc           14%        N/A       86%         4
 Passage of Golubria      Tloc           14%        N/A       86%         4
 Lehudib's Crystal Spear  Conj/Erth      29%        10d8      86%         8
 Death Channel            Necr           17%        N/A       96%         6
 Silence                  Hex/Air        7%         N/A       99%         5
 Storm Form               Tmut/Air       7%         N/A       100%        7
 Summon Hydra             Summ           18%        N/A       100%        7
 Sublimation of Blood     Necr           Unusable   N/A       N/A         2

Dungeon Overview and Level Annotations

Branches:
Dungeon (14/15)            Temple (1/1) D:7            Lair (4/5) D:8
 Shoals (0/4) Lair:2        Snake (0/4) Lair:2          Orc (0/2) D:12
 Vaults (0/5) D:13        Ossuary (visited)          Bailey (visited)
  IceCv (visited)
  Slime: Lair:4-5

Altars:
Ashenzari
Cheibriados
Dithmenos
Elyvilon
Fedhas
Gozag
Hepliaklqana
Kikubaaqudgha
Makhleb
Nemelex Xobeh
Okawaru
Qazlal
Ru
Sif Muna
Trog
Uskayaw
Vehumet
Wu Jian
Xom
Yredelemnul
Zin
The Shining One

Shops:
D:1 ((!(:   D:2 :   D:6 *   D:12 [

Annotations:
D:6 1 runed translucent door
D:13 3 runed translucent doors, Loumeorph's ghost, adept DgHu


Innate Abilities, Weirdness & Mutations

You are immune to sickness and miasma.
Your stone body is resilient. (AC +10)
You are immune to poison.
Your large and strong wings let you fly.
You resist negative energy. (rN+)
You are resistant to electric shocks. (rElec)
You are resistant to unholy torment.
You are immune to petrification.


Message History

The blink frog blinks!
Okay, then.
Blink to where?
Press: ? - help, Dir - move target, p - fire crab
As you read the scroll of blinking, it crumbles to dust.
Aiming: Thunderbolt
Press: ? - help, Shift-Dir - straight line
Okay, then.
Okay, then.
You start resting.
A fire crab is nearby!
Casting: Stone Arrow (safe; 1% risk of failure)
Confirm with . or Enter, or press ? or * to list all spells.
Aiming: Borgnjor's Vile Clutch (dangerous; 12% risk of failure)
Press: ? - help, Shift-Dir - straight line, f - fire crab
Aim: a fire crab (severely wounded, 100% to hit)
Zombie hands grab the fire crab.
The zombie hands constrict the fire crab!
The fire crab breathes flames at you. The blast of flame engulfs you.
* * * LOW HITPOINT WARNING * * *
Casting: Borgnjor's Vile Clutch (dangerous; 12% risk of failure)
Confirm with . or Enter, or press ? or * to list all spells.
Okay, then.
Blink to where?
Press: ? - help, Dir - move target, p - fire crab The zombie hands lose their grip on something.
As you read the scroll of blinking, it crumbles to dust.
Casting: Borgnjor's Vile Clutch (dangerous; 12% risk of failure)
Confirm with . or Enter, or press ? or * to list all spells.
Aiming: Borgnjor's Vile Clutch (dangerous; 12% risk of failure)
Press: ? - help, Shift-Dir - straight line, f - fire crab
Aim: a fire crab (almost dead, 100% to hit)
You miscast Borgnjor's Vile Clutch.
You are very lightly contaminated with residual magic.
Strange energies run through your body. You partially resist.
You feel drained.
* * * LOW HITPOINT WARNING * * *
The fire crab breathes flames at you. The blast of flame engulfs you.
You die...

.....#.#.# #°## ######...###
..###..§.###.†###.##.#..##
..,#..#....#.°....###....###
.,#........†..°t...........###
,.............##☼............##
................☼.>........#..###
................○..............#P
P...............○........#...#.#.
,...............@................
,..........................#...#.
,,,,..........................###
,,,,,,,,,.....................#*
***,,,,,,......................*
,***,,,,,...........#.......####
** ******P###.P.....###...##* ***
######### #####


You could see a fire crab.

Vanquished Creatures
  2 hydras
  4 centaur warriors
  4 two-headed ogres
  2 boulder beetles
  3 death yaks
  A tengu warrior (D:13)
  4 skeletal warriors (D:12)
  A skyshark (Lair:3)
  2 bog bodies (IceCv)
  2 harpies (Lair:2)
  A deep elf pyromancer (D:9)
  An orc knight (D:13)
  A manticore (D:13)
  3 black mambas
  10 elephants
  3 gargoyles
  5 cane toads
  An ice statue (IceCv)
  10 komodo dragons
  A rime drake (Lair:1)
  3 anaconda simulacra (IceCv)
  A kobold demonologist (D:11)
  A tengu conjurer (D:13)
  2 trolls
  A polar bear (Lair:1)
  A hornet (D:10)
  6 blink frogs
  Sigmund (D:3)
  2 vampires
  2 shadows
  The ghost of kae the Digger, an amateur GrEE (D:6)
  3 wyverns
  26 yaks
  4 wraiths
  16 humans (D:13)
  8 vampire mosquitoes
  2 death yak simulacra (IceCv)
  2 harpy simulacra (IceCv)
  2 acid dragons
  A naga (Lair:2)
  A warg (D:12)
  6 water moccasins
  An orc warrior (D:8)
  2 black bears
  A boggart (D:14)
  50 wolves
  13 centaurs
  5 kobold brigands
  9 bullfrogs
  7 two-headed ogre simulacra (IceCv)
  2 scorpions
  2 gnoll sergeants
  2 cane toad simulacra (IceCv)
  13 wights
  2 elephant simulacra (IceCv)
  3 killer bees (D:11)
  6 howler monkeys
  6 vampire bats (Bailey)
  6 wolf zombies (Bailey)
  4 jellies
  7 orc priests
  4 hounds
  Crazy Yiuf (D:3)
  A gnoll bouda (D:7)
  Jessica (D:3)
  Terence (D:2)
  15 orc wizards
  4 iguanas
  2 hell rats (D:8)
  3 spriggan simulacra (IceCv)
  2 troll simulacra (IceCv)
  7 wolf simulacra (IceCv)
  A mummy (Ossuary)
  11 adders
  19 gnolls
  5 naga simulacra (IceCv)
  2 river rats
  A shadow imp (D:7)
  6 white imps
  8 ufetubi
  A worm zombie (D:6)
  3 worms
  5 dart slugs
  36 orcs
  4 spectral bats (Ossuary)
  7 endoplasms
  3 giant cockroaches
  12 gnoll zombies (Ossuary)
  4 goblins
  7 hobgoblins
  3 jackals (D:3)
  5 quokkas
  4 ball pythons
  5 bats
  5 bat simulacra (Ossuary)
  4 frilled lizards
  3 goblin simulacra (Ossuary)
  2 goblin zombies (Ossuary)
  4 hobgoblin zombies (Ossuary)
  A jackal zombie (D:6)
  35 kobolds
  A kobold simulacrum (Ossuary)
  7 kobold zombies (Ossuary)
  21 orc zombies
  7 rats
  2 rat simulacra (Ossuary)
  3 spectral goblins (Ossuary)
  A spectral kobold (Ossuary)
  4 spectral rats (Ossuary)
587 creatures vanquished.

Vanquished Creatures (others)
  An orc wizard (D:5)
  9 fungi
  20 plants
30 creatures vanquished.

Grand Total: 617 creatures vanquished

Notes
Turn   | Place    | Note
-------+----------+-------------------------------------------
     0 | D:1      | Crownlay the Gargoyle Earth Elementalist began the quest
                  | for the Orb.
     0 | D:1      | Reached XP level 1. HP: 10/10 MP: 3/3
    17 | D:1      | Reached XP level 2. HP: 15/15 MP: 1/5
   301 | D:1      | Reached XP level 3. HP: 13/19 MP: 1/7
   490 | D:1      | Learned a level 3 spell: Stone Arrow
   600 | D:1      | Found Caddek's Weapon Shoppe.
   663 | D:1      | Found Usmaqurph's Book Emporium.
   669 | D:1      | Reached skill level 1 in Shields
   669 | D:1      | Reached skill level 3 in Spellcasting
   701 | D:1      | Found Saybibb's Distillery.
   705 | D:1      | Bought a potion of curing for 30 gold pieces
   892 | D:1      | Found Yharah's Antique Weapon Boutique.
   974 | D:1      | Found Kuunkuem's Antique Weapon Shop.
  1221 | D:2      | Reached XP level 4. HP: 24/24 MP: 3/8
  1331 | D:2      | Noticed Terence
  1336 | D:2      | Killed Terence
  2001 | D:2      | Found Zupnig's Book Shoppe.
  2192 | D:3      | Reached XP level 5. HP: 28/28 MP: 7/10
  2253 | D:3      | Noticed Sigmund
  2253 | D:3      | Noticed a black bear
  2420 | D:3      | Noticed Jessica
  2433 | D:3      | Killed Jessica
  2434 | D:3      | Reached skill level 1 in Conjurations
  2459 | D:3      | Killed a black bear
  2460 | D:3      | Reached skill level 4 in Spellcasting
  2460 | D:3      | Reached skill level 5 in Earth Magic
  2460 | D:3      | Reached XP level 6. HP: 32/32 MP: 6/12
  2536 | D:3      | Killed Sigmund
  3038 | D:3      | Found a runed translucent door.
  3039 | D:3      | Noticed Crazy Yiuf
  3050 | D:3      | Killed Crazy Yiuf
  3051 | D:3      | Reached XP level 7. HP: 11/36 MP: 10/14
  3173 | D:4      | Reached skill level 5 in Spellcasting
  4218 | D:5      | Entered Level 5 of the Dungeon
  4415 | D:5      | Found a shimmering altar of Xom.
  4472 | D:5      | Found a hazy altar of Hepliaklqana.
  4896 | D:5      | Reached XP level 8. HP: 41/41 MP: 13/16
  4904 | D:5      | Reached skill level 6 in Spellcasting
  4985 | D:5      | Found a hide-covered altar of Uskayaw.
  5265 | D:5      | Found a burning altar of Makhleb.
  5370 | D:6      | Found a sand-covered staircase.
  5383 | Ossuary  | Entered an ossuary
  6162 | D:6      | Identified the +1 ring mail "Ekufes" {Str+3}
  6168 | D:6      | Found a glowing silver altar of Zin.
  6168 | D:6      | Found a white marble altar of Elyvilon.
  6168 | D:6      | Found a glowing golden altar of the Shining One.
  6226 | D:6      | Reached skill level 7 in Spellcasting
  6460 | D:6      | Found a runed translucent door.
  6465 | D:6      | Noticed kae's ghost (amateur GrEE)
  6502 | D:6      | Found a runed translucent door.
  6828 | D:6      | Found Dorph's General Store.
  6832 | D:6      | Reached skill level 5 in Conjurations
  6854 | D:6      | Bought a scroll of identify for 24 gold pieces
  7068 | D:6      | Reached XP level 9. HP: 32/45 MP: 15/20
  7348 | D:6      | Killed kae's ghost
  7478 | D:6      | Identified the +3 flail of Ikov {flame, Contam Str+4 Dex+2}
  7542 | D:7      | Reached skill level 8 in Spellcasting
  7965 | D:7      | Noticed a two-headed ogre
  7975 | D:7      | Killed a two-headed ogre
  8098 | D:7      | Found a staircase to the Ecumenical Temple.
  8107 | Temple   | Entered the Ecumenical Temple
  8129 | Temple   | Became a worshipper of Vehumet
  8326 | D:8      | Noticed a death yak
  8514 | D:8      | Reached skill level 9 in Spellcasting
  8591 | D:8      | Reached XP level 10. HP: 12/50 MP: 14/23
  9379 | D:8      | Found an ancient bone altar of Kikubaaqudgha.
  9426 | D:8      | Reached * piety under Vehumet
  9426 | D:8      | Offered knowledge of Kiss of Death by Vehumet.
  9554 | D:9      | Noticed a deep elf pyromancer
  9559 | D:9      | Killed a deep elf pyromancer
  9560 | D:9      | Reached skill level 10 in Spellcasting
  9568 | D:9      | Found a flagged portal.
  9588 | Bailey   | Entered a bailey
  9818 | Bailey   | Noticed a gargoyle
  9840 | Bailey   | Reached ** piety under Vehumet
  9869 | Bailey   | Offered knowledge of Foxfire by Vehumet.
  9945 | Bailey   | Reached skill level 10 in Earth Magic
 10164 | Bailey   | Killed a gargoyle
 10165 | Bailey   | Reached skill level 1 in Fire Magic
 10570 | D:9      | Reached XP level 11. HP: 36/54 MP: 19/25
 10837 | D:9      | Offered knowledge of Static Discharge by Vehumet.
 11118 | D:10     | Entered Level 10 of the Dungeon
 11235 | D:10     | Reached skill level 11 in Spellcasting
 11289 | D:10     | Noticed a two-headed ogre
 11300 | D:10     | Killed a two-headed ogre
 11495 | D:10     | Reached *** piety under Vehumet
 11688 | D:10     | Found a snail-covered altar of Cheibriados.
 12022 | D:10     | Found an iron altar of Okawaru.
 12022 | D:10     | Found a shadowy altar of Dithmenos.
 12022 | D:10     | Found a stormy altar of Qazlal.
 12022 | D:10     | Found an ornate altar of the Wu Jian Council.
 12029 | D:10     | Found a shimmering blue altar of Sif Muna.
 12029 | D:10     | Found a broken altar of Ashenzari.
 12308 | D:10     | Offered knowledge of Sticky Flame by Vehumet.
 12495 | D:11     | Noticed a boulder beetle
 12502 | D:11     | Killed a boulder beetle
 12883 | D:11     | Noticed a two-headed ogre
 12888 | D:11     | Killed a two-headed ogre
 12889 | D:11     | Reached skill level 1 in Summonings
 12889 | D:11     | Reached skill level 1 in Necromancy
 13414 | D:11     | Reached XP level 12. HP: 57/59 MP: 24/27
 13818 | D:12     | Reached skill level 12 in Spellcasting
 13845 | D:12     | Found a staircase to the Orcish Mines.
 14354 | D:12     | Reached skill level 5 in Fire Magic
 14489 | D:12     | Noticed a centaur warrior
 14503 | D:12     | Killed a centaur warrior
 14639 | D:12     | Found Epseavoa's Armour Boutique.
 15162 | D:13     | Noticed a two-headed ogre
 15162 | D:13     | Noticed a boulder beetle
 15162 | D:13     | Noticed a centaur warrior
 15162 | D:13     | Found a gate to the Vaults.
 15165 | D:13     | You fall into a shaft and drop 1 floor!
 15218 | D:14     | Noticed a centaur warrior
 15228 | D:14     | Killed a centaur warrior
 15229 | D:14     | Reached skill level 10 in Conjurations
 15398 | D:13     | Noticed a centaur warrior
 15648 | D:14     | Reached **** piety under Vehumet
 15726 | D:13     | Killed a centaur warrior
 15892 | D:13     | Found a runed translucent gate.
 15893 | D:13     | Found a runed translucent gate.
 15893 | D:13     | Noticed a deep elf knight
 15893 | D:13     | Noticed a centaur warrior
 15894 | D:13     | Found a runed translucent gate.
 15895 | D:13     | Noticed Loumeorph's ghost (adept DgHu)
 15935 | D:13     | Killed a centaur warrior
 16105 | D:13     | Killed a boulder beetle
 16145 | D:13     | Offered knowledge of Yara's Violent Unravelling by Vehumet.
 16337 | D:13     | Noticed a tengu warrior
 16426 | D:13     | Killed a two-headed ogre
 16427 | D:13     | Reached skill level 13 in Spellcasting
 16621 | D:13     | Killed a tengu warrior
 16622 | D:13     | Reached XP level 13. HP: 62/63 MP: 4/30
 16938 | D:13     | Identified the +5 demon blade "Wauc" {pain, rPois Stlth+}
 16941 | D:13     | Identified the amulet of Ahal {Spirit Int+3}
 16946 | D:13     | Found the +3 pair of gauntlets of War {Slay+5}
 17629 | D:13     | Found an iron altar of Okawaru.
 17829 | D:8      | Found a staircase to the Lair.
 18044 | D:8      | Reached skill level 1 in Fighting
 18391 | Lair:1   | Entered Level 1 of the Lair of Beasts
 18476 | Lair:1   | Learned a level 5 spell: Borgnjor's Vile Clutch
 18653 | Lair:1   | Reached ***** piety under Vehumet
 18655 | Lair:1   | Offered knowledge of Lightning Bolt by Vehumet.
 19027 | Lair:1   | Reached skill level 5 in Summonings
 19894 | Lair:2   | Found a staircase to the Snake Pit.
 20071 | Lair:2   | Found a staircase to the Shoals.
 21038 | Lair:2   | Gained mutation: Your large and strong wings let you fly.
                  | [Gargoyle growth]
 21038 | Lair:2   | Reached XP level 14. HP: 10/76 MP: 25/31
 21692 | Lair:3   | Reached skill level 14 in Spellcasting
 21829 | Lair:3   | Reached skill level 5 in Necromancy
 22031 | Lair:2   | Reached skill level 5 in Fighting
 22164 | Lair:3   | You are sucked into a shaft and drop 1 floor!
 22187 | Lair:4   | Found a frozen archway.
 22200 | IceCv    | Entered an ice cave
 22354 | IceCv    | Offered knowledge of Olgreb's Toxic Radiance by Vehumet.
 23441 | Lair:4   | Killed from afar by a fire crab

Illustrated notes

Levels and vault maps discovered:
D:1:      heliophobic_arrival_enchanted_forest, layout_basic, serial_shops,
          shop, nicolae_shop_waterfront, shop_fountains, shop,
          nicolae_shop_behind_doors
D:2:      layout_loops_ring, serial_shops, nicolae_shop_trees, minmay_puff,
          uniq_terence
D:3:      layout_basic, st_stairs_11, uniq_sigmund, uniq_jessica,
          uniq_crazy_yiuf_cottage
D:4:      layout_layer_cave
D:5:      layout_loops_ring, lightli_temple_of_fire, old_standard_altar,
          lemuel_coloured_pillars_altar, mainiacjoe_overflow_surrounded_room
D:6:      layout_cave_pods, good_gods_mini_temple, serial_shops, shop,
          ebering_ghost_sewer_f, enter_ossuary_3, minivault_4,
          minmay_misc_feat_more_columns
D:7:      layout_loops_cross, minmay_temple_entry_crystal_x
D:8:      layout_loops_corners, nicolae_overflow_crystal_walls,
          dpeg_lair_monsters
D:9:      layout_long_grid, enter_bailey_2
D:10:     layout_stronghold, kennysheep_little_box, minmay_overflow_temple_hex,
          kennysheep_small_square
D:11:     layout_gridville, chequers_serial_rivers_room_a
D:12:     layout_cave_pods, david_orc_3, serial_shops, nicolae_take_the_stairs
D:13:     layout_gridville, david_vaults_3, gammafunk_ghost_fury_of_okawaru
D:14:     layout_irregular_city, serial_glass, glass_columns_b, glass_columns_a,
          nrook_uturn, nzn_hepliaklqana_mist_gate
Temple:   hellmonk_temple_two_chambers
Lair:1:   layout_cave_pods, grunt_forest_large_clearings
Lair:2:   layout_regular_city, nicolae_shoals_entry_roost,
          guppyfry_snake_entry_island
Lair:3:   layout_hall_layers
Lair:4:   layout_cave_shapes, portal_ice_cave_entry_pillars_1, nzn_ghost_randoct

Skill      XL: |  1  2  3  4  5  6  7  8  9 10 11 12 13 14 |
---------------+-------------------------------------------+-----
Earth Magic    | 4 5 6 7 9 10 11 12 | 12.4
Shields        | 1 2 3 4 |  4.0
Spellcasting   | 3 4 5 7 9 10 11 13 14 | 14.2
Conjurations   | 1 2 3 5 6 8 9 10 11 | 11.5
Fire Magic     | 2 4 6 7 |  7.8
Summonings     | 1 4 5 |  5.7
Necromancy     | 1 3 4 5 |  5.2
Fighting       | 4 5 |  5.7
Dodging        | |  1.5
Stealth        | |  2.1
Transmutations | |  0.7

Action                     |  1- 3 |  4- 6 |  7- 9 | 10-12 | 13-15 || total
---------------------------+-------+-------+-------+-------+-------++-------
  Melee: Unarmed           |     1 |       |       |       |       ||     1
         Halberd           |       |       |    14 |       |       ||    14
         Trident           |       |       |       |    13 |    16 ||    29
  Throw: Throwing net      |       |       |       |     1 |       ||     1
   Cast: Sandblast         |    34 |    66 |   290 |   344 |   349 ||  1083
         Stone Arrow       |       |     1 |     5 |    74 |    70 ||   150
         Borgnjor's Vile C |       |       |       |       |    39 ||    39
  Evoke: Wand              |       |       |     2 |    22 |       ||    24
    Use: Scroll            |       |     6 |    14 |    11 |     7 ||    38
         Potion            |       |     1 |       |     2 |     1 ||     4
 Armour: Robe              |     2 |    14 |    85 |    24 |       ||   125
         Leather armour    |       |       |       |   144 |   229 ||   373
  Dodge: Dodged            |     6 |    23 |   121 |   163 |   144 ||   457
  Block: Kite shield       |       |       |       |       |   134 ||   134

Table legend: (Time is in decaauts)
 A = Elapsed time spent in this place.
 B = Non-inter-level travel time spent in this place.
 C = Inter-level travel time spent in this place.
 D = Time resting spent in this place.
 E = Time spent auto-exploring this place.
 F = Levels seen in this place.
 G = Mean time per level.
                   A        B        C        D        E       F      G
               +--------+--------+--------+--------+--------+-----+--------+
         Total |  24023 |  23349 |    674 |   1991 |  16091 |  22 | 1092.0 |
       Dungeon |  17103 |  16487 |    616 |   1312 |  11994 |  14 | 1221.6 |
        Temple |     28 |     14 |     14 |      0 |     11 |   1 |   28.0 |
          Lair |   4251 |   4207 |     44 |    502 |   2304 |   4 | 1062.8 |
       Ossuary |    810 |    810 |      0 |      0 |    633 |   1 |  810.0 |
        Bailey |    863 |    863 |      0 |    177 |    484 |   1 |  863.0 |
      Ice Cave |    965 |    965 |      0 |      0 |    665 |   1 |  965.0 |
               +--------+--------+--------+--------+--------+-----+--------+

Top non-repeatable levels by time:
    D:13: 2046 daAuts
  Lair:2: 1749 daAuts
     D:8: 1682 daAuts
    D:12: 1508 daAuts
     D:6: 1476 daAuts
    D:10: 1432 daAuts
    D:11: 1262 daAuts
     D:3: 1156 daAuts
  Lair:1: 1149 daAuts
     D:1: 1145 daAuts
     D:5: 1120 daAuts
     D:4: 1064 daAuts
  Lair:3: 973 daAuts
   IceCv: 965 daAuts
     D:9: 952 daAuts
